 Dungeon Crawl Stone Soup version 0.26-a0-812-g31a745ddcd (webtiles) character file.

Game seed: 8519349539284299860

170 dracos369 the Conjurer (level 5, -3/38 HPs)
             Began as a Demigod Conjurer on Nov 30, 2020.
             Slain by an ogre
             ... wielding a +0 giant club
              (11 damage)
             ... on level 3 of the Dungeon.
             The game lasted 00:10:39 (3047 turns).

dracos369 the Conjurer (Demigod Conjurer)           Turns: 3047, Time: 00:10:39

Health: -3/38      AC:  3    Str: 10    XL:     5   Next: 4%
Magic:  5/10       EV: 12    Int: 24    God:
Gold:   117        SH:  0    Dex: 14    Spells: 2/8 levels left

rFire    . . .     SeeInvis .   q - +0 broad axe
rCold    . . .     Faith    .   (no shield)
rNeg     . . .     Spirit   .   a - +0 robe
rPois    .         Reflect  .   (no helmet)
rElec    .         Harm     .   (no cloak)
rCorr    .         Rampage  .   m - +0 pair of gloves
MR       .....                  (no boots)
Stlth    ++........             (no amulet)
HPRegen  0.12/turn              (no ring)
MPRegen  0.12/turn              (no ring)

@: no status effects
A: high mp 1
a: no special abilities


You were on level 3 of the Dungeon.
You visited 1 branch of the dungeon, and saw 4 of its levels.

You collected 117 gold pieces.

Inventory:

Hand Weapons
 g - a +0 short sword
 q - a +0 broad axe (weapon)
Missiles
 n - 8 javelins (quivered)
Armour
 a - a +0 robe (worn)
 m - a +0 pair of gloves (worn)
Scrolls
 b - a scroll of teleportation {unknown}
 d - 3 scrolls of fog {unknown}
 h - 2 scrolls of identify {unknown}
 j - 3 scrolls of remove curse {unknown}
 k - 2 scrolls of blinking {unknown}
 l - a scroll of amnesia {unknown}
 p - a scroll of magic mapping {unknown}
Potions
 c - 3 potions of heal wounds {unknown}
 e - 2 potions of ambrosia {unknown}
 f - a potion of curing {unknown}
 i - a potion of resistance {unknown}
 o - a potion of attraction {unknown}
 r - a potion of magic {unknown}


   Skills:
 - Level 1.7 Dodging
 - Level 1.7 Stealth
 - Level 2.0 Spellcasting
 + Level 5.5 Conjurations
 + Level 1.7 Hexes


You had 2 spell levels left.
You knew the following spells:

 Your Spells              Type           Power        Failure   Level
a - Magic Dart            Conj           ####         1%          1
b - Searing Ray           Conj           ####..       1%          2
c - Dazzling Flash        Conj/Hex       ###...       9%          3

Your spell library contained the following spells:

 Spells                   Type           Power        Failure   Level
 Fulminant Prism          Conj/Hex       ###.......   26%         4
 Iskenderun's Mystic Bla  Conj/Tloc      ###.....     36%         4


Dungeon Overview and Level Annotations

Branches:
Dungeon (4/15)
 Temple: D:4-7


Innate Abilities, Weirdness & Mutations

You have an increased reservoir of magic. (+10% MP)


Message History

There is a stone staircase leading up here.
The ogre hits you with a +0 giant club!!
Ouch! That really hurt!
You climb upwards.
There is a stone staircase leading down here.
There is an open door here.
Your magical contamination has completely faded away.
Unknown command.
The ogre misses you. The ogre hits you with a +0 giant club!
* * * LOW HITPOINT WARNING * * *
Casting: Searing Ray (safe; 1% risk of failure)
Confirm with . or Enter, or press ? or * to list all spells.
The ogre is dazzled.
You hit the ogre but do no damage. The ogre closely misses you. x2
You catch the helpless ogre completely off-guard!
You slash the ogre!
The ogre is heavily wounded.
The ogre is no longer blind.
The ogre hits you with a +0 giant club!
You die...

##.#######....##
######..#...........##
#....#..#....#......+.
#....#..#....#......##
####....#..'....#........
#.......####......#...)รท.
#.##....# #.#..#........
#.#####.####.......###... #.#
#.@O.#########.'...
#.########.#.....# #.#...
####.............##.# #.#...
#................##+###'#)..
###......#.........#..........
#...(.....)...................
#.........########[........###
#......###########.....##'##
#########..............##.#


You could see an ogre.

Vanquished Creatures
  An ogre (D:4)
  2 adders
  3 worms
  A dart slug (D:1)
  A leopard gecko (D:2)
  3 bats
  3 giant cockroaches (D:3)
  5 goblins
  8 hobgoblins
  5 jackals (D:2)
  A quokka (D:3)
  A ball python (D:2)
  3 frilled lizards
  3 kobolds
  A leopard gecko skeleton (D:4)
  10 rats
51 creatures vanquished.

Notes
Turn   | Place    | Note
-------+----------+-------------------------------------------
     0 | D:1      | dracos369 the Demigod Conjurer began the quest for the Orb.
     0 | D:1      | Reached XP level 1. HP: 14/14 MP: 5/5
   309 | D:1      | Reached skill level 4 in Conjurations
   543 | D:1      | Reached XP level 2. HP: 8/20 MP: 0/7
   744 | D:1      | Learned a level 2 spell: Searing Ray
  1482 | D:2      | Reached XP level 3. HP: 26/26 MP: 3/8
  1795 | D:2      | Found a broken altar of Ashenzari.
  1842 | D:2      | Found a stormy altar of Qazlal.
  2252 | D:2      | Reached skill level 5 in Conjurations
  2550 | D:3      | Learned a level 3 spell: Dazzling Flash
  2600 | D:3      | Found a snail-covered altar of Cheibriados.
  2958 | D:2      | Found a shimmering blue altar of Sif Muna.
  2993 | D:4      | Noticed an ogre
  2996 | D:4      | Reached XP level 4. HP: 33/33 MP: 9/9
  2997 | D:4      | Noticed an ogre
  3000 | D:4      | Killed an ogre
  3000 | D:4      | Reached skill level 1 in Hexes
  3000 | D:4      | Reached XP level 5. HP: 38/38 MP: 5/10
  3047 | D:3      | Slain by an ogre

Illustrated notes

Levels and vault maps discovered:
D:1:      lightli_arrival_statue_moat, layout_basic, st_stairs_6
D:2:      minmay_skewed_foursquare, layout_basic,
          nicolae_overflow_hidden_temple, overflow_temple_1_default,
          old_standard_altar
D:3:      layout_basic, cheibriados_altar_1
D:4:      layout_rooms, grunt_temple_overflow_champion_of_chaos,
          kennysheep_mini_moat, roderic_malta_cross, uniq_grinder

Skill      XL: |  1  2  3  4 |
---------------+-------------+-----
Conjurations   | 4 5 |  5.5
Spellcasting   | 2 |  2.0
Hexes          | 1 |  1.7
Dodging        | |  1.7
Stealth        | |  1.7

Action                   |  1- 3 |  4- 6 || total
-------------------------+-------+-------++-------
Melee: Unarmed           |     6 |       ||     6
       Short sword       |    30 |       ||    30
       Broad axe         |     2 |     2 ||     4
 Cast: Magic Dart        |    53 |       ||    53
       Searing Ray       |    11 |     1 ||    12
       Dazzling Flash    |       |     1 ||     1
 Stab: Sleeping          |     5 |       ||     5
       Distracted        |     1 |       ||     1
       Invisible         |       |     1 ||     1
Armor: Robe              |     8 |       ||     8
Dodge: Dodged            |    23 |     4 ||    27

Table legend: (Time is in decaauts)
 A = Elapsed time spent in this place.
 B = Non-inter-level travel time spent in this place.
 C = Inter-level travel time spent in this place.
 D = Time resting spent in this place.
 E = Time spent auto-exploring this place.
 F = Levels seen in this place.
 G = Mean time per level.
                   A        B        C        D        E       F      G
               +--------+--------+--------+--------+--------+-----+--------+
         Total |   3052 |   2873 |    179 |    595 |   1859 |   4 |  763.0 |
       Dungeon |   3052 |   2873 |    179 |    595 |   1859 |   4 |  763.0 |
               +--------+--------+--------+--------+--------+-----+--------+

Top non-repeatable levels by time:
     D:2: 1319 daAuts
     D:1: 1047 daAuts
     D:3: 674 daAuts
     D:4: 12 daAuts
